 Dungeon Crawl Stone Soup version 0.21.1-1-g345015f (webtiles) character file.

29 lysyklops the Stinger (level 3, 0/19 HPs)
             Began as a Gargoyle Venom Mage on July 24, 2018.
             Slain by a worm (8 damage)
             ... on level 2 of the Dungeon.
             The game lasted 00:04:08 (1429 turns).

lysyklops the Stinger (Gargoyle Venom Mage)         Turns: 1429, Time: 00:04:08

Health: 0/19       AC:  5    Str: 11    XL:     3   Next: 16%
Magic:  3/6        EV: 12    Int: 16    God:
Gold:   26         SH:  0    Dex: 10    Spells: 6/7 levels left

rFire    . . .     SeeInvis .   (no weapon)
rCold    . . .     Gourm    .   (no shield)
rNeg     + . .     Faith    .   a - +0 robe
rPois    ∞         Spirit   .   (no helmet)
rElec    +         Reflect  .   (no cloak)
rCorr    .         Harm     .   (no gloves)
MR       .....                  (no boots)
Stlth    ++........             (no amulet)
HPRegen  0.06/turn              (no ring)
MPRegen  0.10/turn              (no ring)

@: no status effects
A: negative energy resistance 1, electricity resistance, unbreathing,
petrification resistance, rot immunity, AC +3
a: no special abilities


You were on level 2 of the Dungeon.
You were very hungry.

You visited 1 branch of the dungeon, and saw 2 of its levels.

You collected 26 gold pieces.

Inventory:

Armour
 a - a +0 robe (worn)
Scrolls
 f - 2 scrolls of amnesia {unknown}
 g - a scroll of identify {unknown}
 j - 2 scrolls of enchant weapon {unknown}
Potions
 d - a potion of resistance {unknown}
 e - a potion of mutation {unknown}
 h - a potion of flight {unknown}
 i - a potion of lignification {unknown}
 k - a potion of haste {unknown}
Books
 b - a Young Poisoner's Handbook

   Spells                             Type                      Level
   a - Sting                          Conjuration/Poison           1
   b - Poisonous Vapours              Poison/Air                   2
   c - Mephitic Cloud                 Conjuration/Poison/Air       3
   d - Olgreb's Toxic Radiance        Poison                       4
   e - Venom Bolt                     Conjuration/Poison           5
Comestibles
 c - a ration


   Skills:
 + Level 1.8 Dodging
 + Level 2.5 Stealth
 + Level 2.5 Spellcasting
 + Level 1.5 Conjurations
 + Level 3.2 Poison Magic


You had 6 spell levels left.
You knew the following spells:

 Your Spells              Type           Power        Failure   Level  Hunger
a - Sting                 Conj/Pois      #...         8%          1    #......


Dungeon Overview and Level Annotations

Branches:
Dungeon (2/15)

Altars:


Innate Abilities, Weirdness & Mutations

You are resistant to torment.
Your stone body is resilient. (AC +3)
You are immune to poison.
You resist negative energy. (rN+)
You are resistant to electric shocks. (rElec)
You can survive without breathing.
You are immune to petrification.
You are immune to rotting.


Message History

The goblin misses you. The worm bites you.
You barely miss the goblin.
The goblin is heavily wounded.
The goblin barely misses you. The worm bites you.
You barely miss the goblin.
The goblin is heavily wounded.
The goblin hits you with a dagger.
You closely miss the goblin.
The goblin is heavily wounded.
The goblin hits you but does no damage. The worm closely misses you.
You hit the goblin but do no damage.
The goblin is heavily wounded.
The goblin barely misses you.
You closely miss the goblin.
The goblin is heavily wounded.
The goblin barely misses you. The worm barely misses you.
You miss the goblin.
The goblin is heavily wounded.
The goblin hits you but does no damage. The worm bites you!
You die...

#.........#
+.........+
#.........# ...
##.......## #.#
##.....## #.# ##...##
#.# ##'## #.# #w# #.#
#@# #.# ##g##
####.#### ##...##
........# ##.....#
.###....#####.....##
.######...............
.<......#####....#####
######### ##.#<# ###.#


You could see a worm and a goblin.

Vanquished Creatures
  An ooze (D:1)
  A leopard gecko (D:1)
  A ball python (D:1)
  2 giant cockroaches (D:1)
  2 goblins (D:1)
  2 hobgoblins (D:1)
  5 kobolds (D:1)
  3 bats (D:1)
  A frilled lizard (D:1)
  6 rats (D:1)
24 creatures vanquished.

Notes
Turn   | Place    | Note
-------+----------+-------------------------------------------
     0 | D:1      | lysyklops the Gargoyle Venom Mage began the quest for the Orb.
     0 | D:1      | Reached XP level 1. HP: 10/10 MP: 3/3
   316 | D:1      | Reached XP level 2. HP: 15/15 MP: 1/5
  1051 | D:1      | Reached XP level 3. HP: 15/19 MP: 1/6
  1429 | D:2      | Slain by a worm

Action                   || total
-------------------------++-------
Melee: Unarmed           ||    53
 Cast: Sting             ||    49
  Eat: Chunk             ||     1
Armor: Robe              ||    25
Dodge: Dodged            ||    52
